 Dungeon Crawl Stone Soup version 0.24.1-5-g77f818bfca (webtiles) character file.

Game seed: 9507287434604468558, levelgen mode: deterministic

686352 naiaseu the Conqueror (level 27, -1/199 HPs)
             Began as a Gargoyle Venom Mage on Apr 22, 2020.
             Was the Champion of Qazlal.
             Killed from afar by an ancient lich (90 damage)
             ... with a crystal spear
             ... on level 5 of the Realm of Zot.
             The game lasted 03:52:28 (74230 turns).

naiaseu the Conqueror (Gargoyle Venom Mage)        Turns: 74230, Time: 03:52:30

Health: -1/199     AC: 56    Str: 41    XL:     27
Magic:  45/45      EV:  9    Int: 23    God:    Qazlal [******]
Gold:   5170       SH: 29    Dex: 12    Spells: 21/38 levels left

rFire    + + .     SeeInvis +   a - +9 broad axe (chop)
rCold    + . .     Gourm    .   g - +2 shield "Wiazxim" {Str+8 SInv Stlth-}
rNeg     + + .     Faith    .   R - +1 gold dragon scales of Upe Baap {rElec rPois rF+ rC+ rN+ MR+ Str+3}
rPois    ∞         Spirit   .   e - +3 hat of Pondering {ponderous, MR+ MP+10 Int+5}
rElec    +         Reflect  +   L - +2 cloak {rF+}
rCorr    .         Harm     .   T - +2 pair of gloves {Str+3}
MR       +++++                  K - +2 pair of boots {Stlth+}
Stlth    ..........             M - +3 amulet of reflection
HPRegen  0.43/turn              O - ring "Gesiehaf" {MR+ Str+4}
MPRegen  0.29/turn              y - ring of wizardry

@: protected from physical damage, corroded, flying, repel missiles, slow
A: big wings, talons 1, agile 1, negative energy resistance 1, sense
surroundings 1, electricity resistance, unbreathing, petrification resistance,
rot immunity, AC +20
}: 3/15 runes: barnacled, silver, gossamer
a: Stop Flying, Upheaval, Elemental Force, Disaster Area, Renounce Religion


You were on level 5 of the Realm of Zot.
You worshipped Qazlal.
Qazlal was exalted by your worship.
You were not hungry.

You visited 11 branches of the dungeon, and saw 53 of its levels.
You visited 1 bazaar.
You also visited: Trove, Sewer, Gauntlet and Volcano.

You collected 10679 gold pieces.
You spent 5509 gold pieces at shops.

Inventory:

Hand Weapons
 a - a +9 broad axe of chopping (weapon)
Missiles
 w - 3 throwing nets
 C - 23 curare-tipped darts
 G - 39 javelins (quivered)
Armour
 e - the +3 hat of Pondering (worn) {ponderous, MR+ MP+10 Int+5}
   (You took it off Gastronok on level 10 of the Dungeon)

   It affects your intelligence (+5).
   It affects your resistance to hostile enchantments.
   It affects your magic capacity (+10).
 g - the +2 shield "Wiazxim" (worn) {Str+8 SInv Stlth-}
   (You found it on level 15 of the Dungeon)

   It affects your strength (+8).
   It lets you see invisible.
   It makes you less stealthy.
 s - a +2 helmet of see invisible
 K - a +2 pair of boots of stealth (worn)
 L - a +2 cloak of fire resistance (worn)
 R - the +1 gold dragon scales of Upe Baap (worn) {rElec rPois rF+ rC+ rN+ MR+ Str+3}
   (You bought it in a shop on level 2 of the Orcish Mines)

   It affects your strength (+3).
   It protects you from fire.
   It protects you from cold.
   It insulates you from electricity.
   It protects you from poison.
   It protects you from negative energy.
   It affects your resistance to hostile enchantments.
 T - a +2 pair of gloves of strength (worn)
Magical Staves
 b - an uncursed staff of wizardry
Jewellery
 x - an uncursed ring of protection from fire
 y - a ring of wizardry (right hand)
 M - a +3 amulet of reflection (around neck)
 O - the ring "Gesiehaf" (left hand) {MR+ Str+4}
   (You took it off an orc on level 13 of the Dungeon)

   [ring of protection from magic]

   It affects your strength (+4).
   It affects your resistance to hostile enchantments.
Wands
 h - a wand of acid (11)
 v - a wand of clouds (17)
 J - a wand of iceblast (82)
 Z - a wand of digging (9)
Scrolls
 f - 6 scrolls of blinking
 l - 26 scrolls of teleportation
 n - 5 scrolls of immolation
 p - a scroll of holy word
 t - 15 scrolls of identify
 D - 3 scrolls of summoning
 H - 24 scrolls of remove curse
 I - 9 scrolls of fog
 N - 9 scrolls of fear
 W - 3 scrolls of magic mapping
Potions
 i - 9 potions of brilliance
 j - 7 potions of haste
 k - 5 potions of agility
 m - 10 potions of mutation
 o - 22 potions of curing
 q - 8 potions of ambrosia
 r - 13 potions of lignification
 z - 9 potions of magic
 B - 19 potions of heal wounds
 F - a potion of invisibility
 S - 5 potions of berserk rage
 V - 4 potions of resistance
 X - 5 potions of might
 Y - 9 potions of cancellation
Miscellaneous
 d - a box of beasts
 u - a lamp of fire
 P - 5 phantom mirrors
Comestibles
 c - 63 rations
 A - 4 chunks of flesh


   Skills:
 O Level 27 Fighting
 + Level 23.2 Axes
   Level 1.1(16.0) Polearms
 - Level 16.0 Throwing
 - Level 23.0 Armour
 - Level 1.5 Dodging
 - Level 2.1 Stealth
 - Level 15.0 Shields
 - Level 6.0 Spellcasting
 - Level 2.0 Conjurations
 - Level 6.1 Charms
 - Level 4.0 Necromancy
 - Level 3.1 Translocations
 - Level 4.0 Transmutations
 - Level 3.5 Air Magic
 - Level 5.0 Earth Magic
 - Level 4.6 Poison Magic
 - Level 16.8 Invocations
 - Level 8.0 Evocations


You had 21 spell levels left.
You knew the following spells:

 Your Spells              Type           Power        Failure   Level  Hunger
a - Mephitic Cloud        Conj/Pois/Air  ###.....     12%         3    #......
b - Poisonous Vapours     Pois/Air       ####..       4%          2    None
c - Song of Slaying       Chrm           #####...     1%          2    None
d - Regeneration          Chrm/Necr      ####......   6%          3    #......
e - Apportation           Tloc           ###...       4%          1    None
f - Blink                 Tloc           N/A          6%          2    None
g - Passwall              Tmut/Erth      ####....     3%          2    None
h - Swiftness             Chrm/Air       ####....     3%          2    None

Your spell library contained the following spells:

 Spells                   Type           Power        Failure   Level  Hunger
 Infusion                 Chrm           ####         1%          1    None
 Animate Skeleton         Necr           N/A          3%          1    None
 Beastly Appendage        Tmut           ####..       3%          1    None
 Pain                     Necr           ####         3%          1    None
 Shroud of Golubria       Chrm/Tloc      ####..       3%          2    None
 Shock                    Conj/Air       ###.         4%          1    None
 Sting                    Conj/Pois      ###.         4%          1    None
 Corpse Rot               Necr           N/A          4%          2    None
 Sticks to Snakes         Tmut           ####....     4%          2    None
 Magic Dart               Conj           ###.         7%          1    None
 Spider Form              Tmut/Pois      ####......   8%          3    #......
 Vampiric Draining        Necr           ####......   9%          3    #......
 Flame Tongue             Conj/Fire      ##...        11%         1    None
 Searing Ray              Conj           ###...       11%         2    None
 Stone Arrow              Conj/Erth      ###...       11%         3    #......
 Gell's Gravitas          Tloc           ###.......   12%         3    #......
 Lesser Beckoning         Tloc           ###.......   12%         3    #......
 Teleport Other           Tloc           ###.....     12%         3    #......
 Ozocubu's Armour         Chrm/Ice       ###.....     13%         3    #......
 Spectral Weapon          Hex/Chrm       ###.....     13%         3    #......
 Ignite Poison            Fire/Tmut/Pois ###.....     14%         3    #......
 Confusing Touch          Hex            #.....       16%         1    None
 Corona                   Hex            #......      16%         1    None
 Throw Flame              Conj/Fire      ##....       16%         2    None
 Throw Frost              Conj/Ice       ##....       16%         2    None
 Static Discharge         Conj/Air       ###.....     16%         3    #......
 Call Imp                 Summ           #.......     22%         2    None
 Ensorcelled Hibernation  Hex/Ice        #.....       22%         2    None
 Slow                     Hex            #.......     22%         2    None
 Olgreb's Toxic Radiance  Pois           ####....     22%         4    ###....
 Portal Projectile        Hex/Tloc       ##....       24%         3    #......
 Petrify                  Tmut/Erth      ####....     24%         4    ###....
 Conjure Flame            Conj/Fire      ##......     28%         3    #......
 Dazzling Spray           Conj/Hex       ##....       28%         3    #......
 Airstrike                Air            ###.......   32%         4    ###....
 Passage of Golubria      Tloc           N/A          38%         4    ###....
 Confuse                  Hex            #.......     41%         3    #......
 Inner Flame              Hex/Fire       #.......     41%         3    #......
 Force Lance              Conj/Tloc      ###.....     45%         4    ###....
 Leda's Liquefaction      Hex/Erth       ###.......   45%         4    ###....
 Excruciating Wounds      Chrm/Necr      ####......   45%         5    #####..
 Lee's Rapid Deconstruct  Erth           ####......   45%         5    #####..
 Ice Form                 Ice/Tmut       ###.....     52%         4    ###....
 Iskenderun's Mystic Bla  Conj           ###.....     52%         4    ###....
 Borgnjor's Vile Clutch   Necr/Erth      ####......   52%         5    #####..
 Alistair's Intoxication  Tmut/Pois      ####....     54%         5    #####..
 Summon Lightning Spire   Summ/Air       ###.....     56%         4    ###....
 Blade Hands              Tmut           ####......   58%         5    #####..
 Dispel Undead            Necr           ####....     58%         5    #####..
 Fulminant Prism          Conj/Hex       ##........   65%         4    ###....
 Sticky Flame             Conj/Fire      ##......     65%         4    ###....
 Venom Bolt               Conj/Pois      ###.......   69%         5    #####..
 Bolt of Draining         Conj/Necr      ###.......   73%         5    #####..
 Irradiate                Conj/Tmut      ###.......   73%         5    #####..
 Lightning Bolt           Conj/Air       ###.......   77%         5    #####..
 Cause Fear               Hex            #.........   80%         4    ###....
 Bolt of Magma            Conj/Fire/Erth ###.......   82%         5    #####..
 Yara's Violent Unravell  Hex/Tmut       ###.......   86%         5    #####..
 Silence                  Hex/Air        ###.......   87%         5    #####..
 Summon Forest            Summ/Tloc      ##........   89%         5    #####..
 Fireball                 Conj/Fire      ##........   93%         5    #####..
 Deflect Missiles         Chrm/Air       ####......   95%         6    ######.
 Metabolic Englaciation   Hex/Ice        #.........   98%         5    #####..
 Death Channel            Necr           ####......   98%         6    ######.
 Hydra Form               Tmut           ####......   98%         6    ######.
 Conjure Ball Lightning   Conj/Air       ###.......   99%         6    ######.
 Bolt of Fire             Conj/Fire      ##........   100%        6    ######.
 Darkness                 Hex            #.........   100%        6    ######.
 Freezing Cloud           Conj/Ice/Air   ###.......   100%        6    ######.
 Invisibility             Hex            #.......     100%        6    ######.
 Ring of Flames           Chrm/Fire      ###.......   100%        7    #######
 Summon Hydra             Summ           #.........   100%        7    #######
 Controlled Blink         Tloc           N/A          100%        8    #######
 Discord                  Hex            #.........   100%        8    #######
 Ignition                 Fire           #.........   100%        8    #######
 Shatter                  Erth           ####......   100%        9    #######
 Tornado                  Air            ###.......   100%        9    #######
 Sublimation of Blood     Necr           Unusable     N/A         2    N/A

Dungeon Overview and Level Annotations

Branches:
Dungeon (15/15)            Temple (1/1) D:6            Lair (6/6) D:9
 Shoals (4/4) Lair:3       Spider (4/4) Lair:3        Slime (0/5) Lair:6
    Orc (2/2) D:10            Elf (3/3) Orc:2        Vaults (5/5) D:13
  Crypt (3/3) Vaults:2       Tomb (0/3) Crypt:3      Depths (5/5) D:15
    Zot (5/5) Depths:5      Sewer (visited)         Volcano (visited)
Gauntlet (visited)

Altars:
Ashenzari
Elyvilon
Fedhas
Gozag
Hepliaklqana
Kikubaaqudgha
Makhleb
Nemelex Xobeh
Okawaru
Qazlal
Sif Muna
Trog
Uskayaw
Vehumet
Wu Jian
Yredelemnul
Beogh
Jiyva

Shops:
D:5 (   D:8 [   D:11 [   Orc:2 (:[*   Elf:2 :   Shoals:1 }   Vaults:1 }
Vaults:5 !!*!!%%??[?%=?   Depths:1 =}=   Depths:3 *   Depths:5 =

Portals:
Hell: Depths:1 Depths:2 Depths:3 Depths:4 Depths:5
Abyss: Depths:4
Pandemonium: Depths:3
Ziggurat: Depths:2

Annotations:
D:2 exclusion: downstairs
D:3 Grinder
D:7 3 runed translucent doors, exclusion: downstairs, DOPEyDwarf's ghost, novice GnWz
D:9 2 transporters, harkrass's ghost, novice MiFi
D:12 exclusion: upstairs
D:13 2 runed translucent doors, Iplucs's ghost, journeyman FeBe
Lair:3 exclusion: 4 oklob plants
Spider:3 exclusion: 2 downstairs
Elf:2 3 runed translucent doors
Elf:3 3 runed translucent doors, mortelune's ghost, adept DEFE
Zot:2 1 runed translucent door, Suufyluo's ghost, legendary DrEE
Zot:5 2 transporters, 1 exclusion, Blackmass's ghost, legendary DDFi


Innate Abilities, Weirdness & Mutations

You are resistant to torment.
Your stone body is resilient. (AC +20)
You are immune to poison.
Your large and strong wings let you fly indefinitely.
You resist negative energy. (rN+)
You are resistant to electric shocks. (rElec)
You can survive without breathing.
You are immune to petrification.
You are immune to rotting.
You have sharp toenails.
You are agile. (Dex +2)
You passively map a small area around you.


Message History

The ancient lich is heavily damaged.
The ancient lich is engulfed in freezing vapours.
You block the ancient lich's attack.
The ancient lich gestures at you while chanting.
The bolt of acid hits you!! The acid corrodes you!
You are splashed with acid!
You are too injured to fight recklessly!
You are too injured to fight recklessly!
You are too injured to fight recklessly!
You are too injured to fight recklessly!
You hit the ancient lich.
The ancient lich is heavily damaged.
You block the ancient lich's attack.
You hit the ancient lich.
The ancient lich is severely damaged.
You hear a deafening roar!
The ancient lich is engulfed in freezing vapours.
The ancient lich points at you and mumbles some strange words.
The crystal spear hits you!!!!
You feel protected from physical attacks.
You die...

############
********###..........## ##
≈≈≈≈≈≈≈≈#..⌠......⌠...## ##.
≈≈≈≈≈≈≈≈#..............########..
§§§§§§§≈#.............(..........
≈≈###≈≈≈#.......).)....#####.....
§≈#*#≈§≈#.....°..[...###y..###...
§≈###§≈≈##.....○)☼...#D.DD..D##..
≈≈≈≈§§≈≈*##.).).@L°..#WDy#.#y.#.#
≈≈§≈§§§≈* #......°○..#WD.#.#y.#.#
≈d≈§§≈§≈*##)..#####.##y#y...(##.#
#******###.(### #.#.#...#.}#..#
### ####...###### #.#,,,*©y=[#©..
).###...(.......###.#*,,,,.#!#...
..)[..###...........©*,*,,,#D##..
...).####..##.......#*,,**,#!,#.#
...))# #...#*#......#,,,*,,b*,#.#


You could see a golden dragon and an ancient lich.

Vanquished Creatures
  6 orbs of fire
  9 ancient liches
  Mennas (Crypt:1)
  A juggernaut (shapeshifter) (Vaults:5)
  2 juggernauts (Depths:5)
  Sojobo (Depths:2)
  Boris (Depths:4)
  Bai Suzhen (Shoals:3)
  4 Killer Klowns
  Xtahua (Vaults:5)
  3 caustic shrikes
  Nikola (Depths:2)
  11 golden dragons
  3 bone dragons
  4 liches
  2 electric golems (Zot:4)
  13 Orb Guardians (Zot:5)
  Jorgrun (Lair:3)
  17 titans
  3 deep elf blademasters
  23 tentacled monstrosities
  The ghost of Lyfunof the Scorcher, an adept DrFE of Okawaru (Shoals:2)
  4 quicksilver dragons
  The ghost of Qatuad the Blocker, an adept GnFi of Nemelex Xobeh (Shoals:2)
  3 deep elf master archers
  10 death cobs
  Frances (Elf:1)
  Gastronok (D:10)
  An acid blob (shapeshifter) (Depths:4)
  A kraken (Shoals:3)
  Agnes (Elf:1)
  4 sphinxes
  23 storm dragons
  10 tengu reavers
  11 shadow dragons
  5 draconian monks
  17 fire giants
  11 vault wardens
  6 deep elf sorcerers
  7 frost giants
  5 draconian scorchers
  6 ghost moths
  Aizul (Depths:3)
  6 iron dragons
  An iron dragon (shapeshifter) (Depths:4)
  5 orc warlords
  8 deep elf elementalists
  6 draconian knights
  A caustic shrike zombie (Crypt:2)
  The ghost of Bolleh the Thaumaturge, a journeyman GnSk of Makhleb (Spider:3)
  2 emperor scorpions (Spider:4)
  3 curse skulls
  12 ironheart preservers
  8 draconian shifters
  5 draconian stormcallers
  A spriggan defender (Depths:3)
  10 draconian annihilators
  4 entropy weavers
  23 stone giants
  The ghost of Otaetiog the Spear-Bearer, a journeyman MfIE of Okawaru (Orc:1)
  3 war gargoyles (Depths:4)
  4 very ugly things
  4 reapers
  A stone giant (shapeshifter) (Depths:4)
  7 deep elf demonologists
  5 vampire knights
  A lorocyproca (Depths:4)
  11 green draconians
  15 red draconians
  8 purple draconians
  A dire elephant (D:15)
  12 white draconians
  14 deep elf annihilators
  6 black draconians
  A minotaur (Gauntlet)
  A dire elephant (shapeshifter) (Depths:4)
  7 yellow draconians
  The ghost of Histricoq the Carver, a journeyman DgFi (Lair:4)
  10 spark wasps
  5 merfolk javelineers (Shoals:4)
  14 ettins
  A minotaur (shapeshifter) (Depths:4)
  6 eidola
  A mummy priest (Crypt:3)
  A death ooze (Gauntlet)
  3 quicksilver dragon zombies
  16 deep elf death magi
  2 crystal guardians (Depths:4)
  The ghost of Kuidesed the Thaumaturge, a journeyman DrCj of Vehumet (Lair:1)
  11 great orbs of eyes
  13 yaktaur captains
  4 jiangshi
  20 fire dragons
  The ghost of Xyudeake the Devastator, a journeyman DEFE of Vehumet (Lair:4)
  4 deep elf high priests
  5 merfolk impalers
  The ghost of Jathuu the Unseen, a journeyman FeCj of Sif Muna (Spider:3)
  30 vault guards
  2 quicksilver dragon skeletons
  7 rakshasas
  A fire dragon (shapeshifter) (Depths:4)
  7 ice dragons
  8 hydras
  6 spriggan air magi
  2 catoblepae
  6 merfolk avatars
  A juggernaut simulacrum (Depths:4)
  3 ghost crabs (Elf:2)
  A satyr (shapeshifter) (Vaults:5)
  An alligator snapping turtle (Shoals:2)
  2 satyrs
  10 centaur warriors
  15 dancing weapons
  8 merfolk aquamancers
  An anaconda (shapeshifter) (Depths:4)
  3 tengu warriors
  5 death yaks
  8 deep troll earth magi
  8 deep troll shamans
  17 ogre magi
  63 two-headed ogres
  7 vampire magi
  A shock serpent (shapeshifter) (Depths:4)
  6 spriggan berserkers
  An orc high priest (Orc:2)
  14 hell knights
  2 storm dragon zombies
  A fire crab (Elf:2)
  3 soul eaters (Crypt:3)
  20 deep elf knights
  A shadow wraith (Crypt:2)
  2 golden dragon zombies
  A salamander mystic (Depths:1)
  2 storm dragon skeletons
  4 iron trolls
  17 deep trolls
  A ghost moth zombie (Crypt:3)
  3 flayed ghosts
  A quicksilver dragon simulacrum (Crypt:2)
  2 unseen horrors
  4 glowing orange brains
  10 sea snakes
  7 skeletal warriors
  8 deep elf archers
  7 wizards
  A death drake (Elf:2)
  A shadow dragon zombie (Crypt:3)
  A golden dragon skeleton (Crypt:3)
  A lindwurm (Elf:2)
  Pikel (D:7)
  16 ironbrand convokers
  18 phantasmal warriors
  An anaconda skeleton (Crypt:3)
  17 orb spiders
  29 necromancers
  A lindwurm (shapeshifter) (Vaults:5)
  12 orc knights
  A mana viper (shapeshifter) (Depths:4)
  A harpy (shapeshifter) (Vaults:5)
  11 harpies
  8 orc sorcerers
  A fire giant zombie (Crypt:2)
  A wolf spider zombie (Crypt:3)
  A human zombie (Vaults:5)
  3 stone giant zombies
  A mana viper (Elf:2)
  26 wolf spiders
  A cyclops (shapeshifter) (Depths:3)
  3 fauns (Shoals:3)
  A shadow dragon skeleton (Crypt:3)
  An oklob plant (Lair:2)
  16 manticores
  55 deep elf magi
  2 frost giant zombies (Crypt:3)
  A salamander (shapeshifter) (D:14)
  3 salamanders (Depths:1)
  11 cyclopes
  63 ugly things
  A tengu skeleton (Elf:2)
  10 merfolk sirens
  A stone giant skeleton (Crypt:1)
  2 iron dragon skeletons (Crypt:3)
  2 human skeletons
  A dire elephant zombie (Crypt:3)
  10 elephants
  6 black mambas
  A shock serpent zombie (Crypt:3)
  20 moths of wrath
  18 vault sentinels
  3 frost giant skeletons
  A smoke demon (Volcano)
  A naga mage (Depths:4)
  5 water nymphs
  A guardian serpent (shapeshifter) (Vaults:1)
  A torpor snail (Spider:3)
  A centaur zombie (D:11)
  3 molten gargoyles
  4 gargoyles
  A shock serpent skeleton (Crypt:3)
  5 spectral swamp worms (Depths:1)
  43 yaktaurs
  25 spiny frogs
  A kobold demonologist (D:13)
  4 komodo dragons
  A spriggan skeleton (Elf:2)
  A dire elephant skeleton (Crypt:3)
  2 hellions (Zot:2)
  A yaktaur (shapeshifter) (Depths:3)
  A rime drake (Lair:3)
  2 catoblepas zombies
  2 efreet
  10 freezing wraiths
  A minotaur zombie (Gauntlet)
  A guardian mummy (Crypt:3)
  A red draconian skeleton (Crypt:1)
  13 hellwings (Crypt:3)
  4 tengu conjurers
  A harpy zombie (Crypt:3)
  12 demonic crawlers
  A golden dragon simulacrum (Elf:2)
  2 polar bears (shapeshifter)
  23 merfolk
  A red devil (Volcano)
  10 trolls
  A meliai (shapeshifter) (Vaults:5)
  2 jumping spiders (shapeshifter)
  8 tyrant leeches
  3 polar bears
  A wind drake (shapeshifter) (Vaults:4)
  39 jumping spiders
  A shadow dragon simulacrum (Vaults:5)
  36 slime creatures
  18 hornets
  3 wind drakes
  A raiju (Elf:2)
  A blink frog (shapeshifter) (Depths:4)
  3 dream sheep (shapeshifter) (Depths:4)
  10 dream sheep
  31 blink frogs
  A raiju (shapeshifter) (Depths:2)
  A fire giant simulacrum (Crypt:2)
  2 human simulacra (Vaults:3)
  A frost giant simulacrum (Vaults:2)
  16 hippogriffs
  A shock serpent simulacrum (Crypt:1)
  2 ice dragon zombies
  3 air elementals
  An ettin zombie (Crypt:3)
  A fire dragon skeleton (Crypt:3)
  13 snapping turtles
  A shadow (D:14)
  30 tarantellas
  5 spriggans
  2 spriggan simulacra (Elf:2)
  7 flying skulls
  11 wraiths
  2 ettin skeletons
  32 water elementals
  2 fire bats (Volcano)
  72 redbacks
  29 yaks
  A black mamba skeleton (Crypt:2)
  An ushabti (Crypt:3)
  A wyvern (shapeshifter) (Vaults:4)
  9 wyverns
  A human (shapeshifter) (Depths:4)
  4 basilisks
  3 hungry ghosts
  25 fire elementals
  2 golden eyes (shapeshifter)
  Eustachio (D:5)
  12 vampire mosquitoes
  3 small abominations
  7 wargs
  2 soldier ants
  3 floating eyes
  A hell hound (Volcano)
  11 large abominations
  A merfolk zombie (Crypt:2)
  A two-headed ogre zombie (Crypt:1)
  2 acid dragons
  9 water moccasins
  10 porcupines
  5 sky beasts
  3 swamp dragon zombies (Crypt:3)
  3 ice beasts
  48 orc warriors
  4 slaves (D:7)
  A lindwurm zombie (Crypt:1)
  An elephant zombie (Crypt:2)
  3 black bears
  3 phantoms
  An eye of draining (D:14)
  52 ogres
  An ogre (shapeshifter) (D:14)
  A blink frog zombie (Crypt:1)
  7 boggarts
  41 wolves
  2 elf skeletons
  18 centaurs
  16 crocodiles
  A yaktaur zombie (Vaults:1)
  36 bullfrogs
  4 elf zombies
  5 big kobolds
  7 earth elementals
  2 gnoll sergeants
  A wyvern zombie (D:14)
  A yaktaur skeleton (Crypt:2)
  9 wyvern skeletons
  3 scorpions
  A troll zombie (Crypt:1)
  A water moccasin skeleton (D:7)
  6 killer bees (D:8)
  A wolf zombie (Crypt:2)
  8 electric eels
  13 wights
  12 howler monkeys
  4 crimson imps
  2 bullfrog zombies
  9 lava snakes
  3 bullfrog skeletons
  9 hounds
  4 jellies
  22 orc priests
  A soldier ant zombie (Crypt:1)
  6 centaur skeletons
  7 iguanas
  2 hell rats (Lair:6)
  34 orc wizards
  13 worker ants
  4 lightning spires (Elf:2)
  A crocodile skeleton (Crypt:1)
  2 demigod skeletons (Crypt:2)
  A hound skeleton (D:6)
  A mummy (Crypt:3)
  Robin (D:4)
  11 gnolls
  An ogre simulacrum (Crypt:2)
  17 adders
  7 river rats (Lair:6)
  13 shadow imps
  4 white imps
  7 oozes
  An adder zombie (D:7)
  2 adder skeletons
  7 worms
  5 leopard geckos
  110 orcs
  5 ball pythons
  7 giant cockroaches
  17 goblins
  7 hobgoblins
  21 jackals
  21 kobolds
  4 quokkas
  A ball python skeleton (D:4)
  12 bats
  6 frilled lizards
  A leopard gecko skeleton (D:4)
  A leopard gecko zombie (D:5)
  9 rats
  A butterfly (Lair:5)
  5 crawling corpses (Elf:3)
  2 fungi
  A macabre mass (Elf:2)
  9 plants
  A tentacle (Shoals:3)
  9 withered plants (Crypt:3)
2742 creatures vanquished.

Vanquished Creatures (collateral kills)
  A deep elf demonologist (Elf:3)
  A skeletal warrior (Crypt:1)
  An orc knight (Orc:1)
  An orc warrior (Orc:1)
  An ogre (Orc:1)
  2 orc priests (Orc:1)
  An orc wizard (Orc:1)
  4 orcs (Orc:1)
12 creatures vanquished.

Vanquished Creatures (others)
  2 tentacled monstrosities
  An Orb Guardian (Zot:5)
  A death cob (Zot:5)
  Polyphemus (Shoals:2)
  A draconian monk (Zot:5)
  A storm dragon (Zot:5)
  A draconian scorcher (Zot:5)
  A deep elf demonologist (Vaults:5)
  3 red draconians (Zot:5)
  2 yaktaur captains
  A deep elf high priest (Vaults:5)
  2 ogre magi
  3 satyrs
  4 two-headed ogres (Vaults:3)
  2 deep elf archers
  A cyclops (Shoals:3)
  A moth of wrath (Zot:3)
  A molten gargoyle (Elf:2)
  3 yaktaurs
  A merfolk (Shoals:1)
  A polar bear (Lair:1)
  A jumping spider (Spider:1)
  2 redbacks (Spider:2)
  A water elemental (Shoals:4)
  A fire elemental (Elf:2)
  3 ogres (Vaults:3)
  2 boggarts
  2 centaurs
  4 ball lightnings (Elf:2)
  An orc (Vaults:2)
  3 bushes
  9 demonic plants (Gauntlet)
  14 fungi
  43 plants
  7 tentacles (Shoals:3)
  19 withered plants
146 creatures vanquished.

Grand Total: 2900 creatures vanquished

Notes
Turn   | Place    | Note
-------+----------+-------------------------------------------
     0 | D:1      | naiaseu the Gargoyle Venom Mage began the quest for the
                  | Orb.
     0 | D:1      | Reached XP level 1. HP: 10/10 MP: 3/3
   200 | D:1      | Reached XP level 2. HP: 15/15 MP: 5/5
   209 | D:1      | Learned a level 2 spell: Poisonous Vapours
   244 | D:1      | Reached skill level 1 in Armour
  1131 | D:2      | Reached XP level 3. HP: 13/19 MP: 6/6
  1249 | D:2      | Found a white marble altar of Elyvilon.
  1393 | D:2      | Reached skill level 1 in Air Magic
  1843 | D:2      | Reached XP level 4. HP: 9/24 MP: 1/7
  2311 | D:2      | Noticed an ogre
  2429 | D:2      | Killed an ogre
  2429 | D:2      | Reached XP level 5. HP: 26/28 MP: 0/8
  2839 | D:3      | Found a glowing drain.
  2898 | Sewer    | Entered a sewer
  3696 | D:3      | Reached XP level 6. HP: 33/33 MP: 10/10
  3937 | D:3      | Noticed Grinder
  3943 | D:3      | Paralysed by Grinder for 3 turns
  4020 | D:3      | Learned a level 3 spell: Mephitic Cloud
  4111 | D:3      | Reached skill level 1 in Fighting
  4776 | D:4      | Noticed a phantom
  4895 | D:4      | Reached XP level 7. HP: 38/38 MP: 3/11
  4907 | D:4      | Reached skill level 1 in Axes
  5094 | D:4      | Noticed Robin
  5137 | D:4      | Killed Robin
  5614 | D:5      | Entered Level 5 of the Dungeon
  5728 | D:5      | Found Duskocva's Weapon Shop.
  5979 | D:5      | Found a hazy altar of Hepliaklqana.
  6042 | D:5      | Noticed Eustachio
  6047 | D:5      | Killed Eustachio
  6047 | D:5      | Reached XP level 8. HP: 43/43 MP: 2/12
  6757 | D:6      | Got a transparent plate armour
  6768 | D:6      | Identified the +7 plate armour "Umuiclyn" {MR++ Dex-2} (You
                  | found it on level 6 of the Dungeon)
  6775 | D:6      | Found a staircase to the Ecumenical Temple.
  6786 | D:6      | Reached skill level 5 in Armour
  6799 | Temple   | Entered the Ecumenical Temple
  6820 | Temple   | Became a worshipper of Qazlal Stormbringer
  6880 | D:6      | Reached skill level 2 in Fighting
  6880 | D:6      | Reached skill level 1 in Throwing
  7157 | D:6      | Found an iron altar of Okawaru.
  7232 | D:6      | Found a stormy altar of Qazlal.
  7234 | D:6      | Noticed an air elemental
  7235 | D:6      | Noticed a water elemental
  7692 | D:7      | Reached skill level 3 in Fighting
  7840 | D:6      | Reached XP level 9. HP: 50/50 MP: 14/14
  7878 | D:7      | Reached skill level 5 in Axes
  7934 | D:7      | Found a runed translucent gate.
  7934 | D:7      | Found a runed translucent gate.
  7934 | D:7      | Found a runed translucent gate.
  7936 | D:7      | Noticed DOPEyDwarf's ghost (novice GnWz)
  8009 | D:7      | Reached * piety under Qazlal
  8181 | D:7      | Reached skill level 4 in Fighting
  8411 | D:7      | Noticed Pikel
  8432 | D:7      | Killed Pikel
  8432 | D:7      | Reached skill level 1 in Shields
  8593 | D:7      | Found a shimmering blue altar of Sif Muna.
  8593 | D:7      | Found a faded altar of an unknown god.
  8700 | D:7      | Found a hide-covered altar of Uskayaw.
  8702 | D:7      | Found an opulent altar of Gozag.
  8703 | D:7      | Found a faded altar of an unknown god.
  8946 | D:8      | Found Garytt's Antique Armour Shoppe.
  9046 | D:8      | Noticed a hornet
  9055 | D:8      | Killed a hornet
  9055 | D:8      | Reached XP level 10. HP: 57/58 MP: 13/15
  9060 | D:8      | Reached skill level 5 in Fighting
  9063 | D:8      | Reached ** piety under Qazlal
  9186 | D:8      | Gained mutation: Scrolls take you a little longer to read.
                  | [potion of mutation]
  9186 | D:8      | Gained mutation: You possess an exceptional clarity of
                  | mind. [potion of mutation]
  9303 | D:8      | Found a sparkling altar of Nemelex Xobeh.
  9446 | D:9      | Found a transporter.
  9472 | D:9      | Found a shattered altar of Ashenzari.
  9569 | D:9      | Reached skill level 6 in Fighting
  9614 | D:9      | Noticed a two-headed ogre
  9660 | D:8      | Killed a two-headed ogre
  9660 | D:8      | Reached XP level 11. HP: 29/64 MP: 9/16
  9886 | D:9      | Reached *** piety under Qazlal
  9911 | D:9      | Found a staircase to the Lair.
  9925 | D:9      | Found a transporter.
  9966 | D:9      | Noticed harkrass's ghost (novice MiFi)
 10494 | D:10     | Entered Level 10 of the Dungeon
 10520 | D:10     | Noticed a two-headed ogre
 10537 | D:10     | Killed a two-headed ogre
 10537 | D:10     | Reached skill level 10 in Axes
 10866 | D:10     | Noticed a two-headed ogre
 10886 | D:10     | Killed a two-headed ogre
 10886 | D:10     | Reached skill level 1 in Invocations
 10976 | D:10     | Noticed a two-headed ogre
 10992 | D:10     | Killed a two-headed ogre
 10992 | D:10     | Reached skill level 7 in Fighting
 10996 | D:10     | Found a staircase to the Orcish Mines.
 11226 | D:10     | Noticed a two-headed ogre
 11239 | D:10     | Killed a two-headed ogre
 11239 | D:10     | Reached **** piety under Qazlal
 11278 | D:10     | Noticed Gastronok
 11300 | D:10     | Killed Gastronok
 11825 | D:11     | Reached XP level 12. HP: 73/73 MP: 17/17
 12139 | D:11     | Reached skill level 8 in Fighting
 12235 | D:11     | Noticed an eight-headed hydra
 12339 | D:10     | Killed an eight-headed hydra
 12475 | D:11     | Found Jyddala's Antique Armour Shoppe.
 12501 | D:11     | Bought a glowing cloak for 202 gold pieces
 12521 | D:11     | Found a blossoming altar of Fedhas.
 12577 | D:11     | Found a portal to a secret trove of treasure.
 13125 | D:12     | Noticed a seven-headed hydra
 13293 | D:12     | Noticed a two-headed ogre
 13306 | D:12     | Killed a two-headed ogre
 13306 | D:12     | Reached skill level 10 in Armour
 13362 | D:12     | Reached skill level 9 in Fighting
 14231 | Lair:1   | Entered Level 1 of the Lair of Beasts
 14239 | Lair:1   | Reached ***** piety under Qazlal
 14292 | Lair:1   | Got a crude ring mail
 14459 | Lair:1   | Noticed Kuidesed's ghost (journeyman DrCj)
 14461 | Lair:1   | Found a runed translucent door.
 14564 | Lair:1   | Reached XP level 13. HP: 76/80 MP: 18/18
 15232 | Lair:1   | Identified the +0 ring mail "Trusted Companion" {rF+} (You
                  | found it on level 1 of the Lair of Beasts)
 15617 | Lair:2   | Reached skill level 10 in Fighting
 16311 | Lair:2   | Got a translucent hand axe
 16312 | Lair:2   | Identified the +7 hand axe of Zestreuqa {freeze, rPois}
                  | (You found it on level 2 of the Lair of Beasts)
 16532 | Lair:3   | Found a hole to the Spider Nest.
 16748 | Lair:3   | Reached skill level 5 in Invocations
 16915 | Lair:3   | Found a staircase to the Shoals.
 18019 | Lair:4   | Found a runed translucent gate.
 18019 | Lair:4   | Found a runed translucent gate.
 18019 | Lair:4   | Found a runed translucent gate.
 18019 | Lair:4   | Noticed Xyudeake's ghost (journeyman DEFE)
 18021 | Lair:4   | Noticed Histricoq's ghost (journeyman DgFi)
 18369 | Lair:5   | Found a gate leading to a gauntlet.
 18412 | Lair:5   | Gained mutation: Your large and strong wings let you fly
                  | indefinitely. [Gargoyle growth]
 18412 | Lair:5   | Reached XP level 14. HP: 85/88 MP: 19/19
 18424 | Lair:5   | Reached skill level 11 in Fighting
 18489 | Gauntlet | Entered a Gauntlet
 18489 | Gauntlet | Found a transporter.
 18489 | Gauntlet | Found a transporter.
 18494 | Gauntlet | Found a transporter.
 18494 | Gauntlet | Found a transporter.
 18505 | Gauntlet | Found a transporter.
 18512 | Gauntlet | Found a transporter.
 18522 | Gauntlet | Found a transporter.
 18522 | Gauntlet | Found a transporter.
 18546 | Gauntlet | Found a transporter.
 18546 | Gauntlet | Identified the ring "Peklares" {rCorr Dex+6 Stlth+}
 18546 | Gauntlet | Noticed a balrug
 18555 | Gauntlet | Found a transporter.
 18569 | Gauntlet | Found a transporter.
 18587 | Gauntlet | Found a transporter.
 18633 | Gauntlet | Found a transporter.
 18647 | Gauntlet | Found a transporter.
 18749 | Gauntlet | Found a transporter.
 18765 | Gauntlet | Found a transporter.
 19383 | Lair:5   | Reached ****** piety under Qazlal
 19876 | Lair:6   | Entered Level 6 of the Lair of Beasts
 19985 | Lair:6   | Reached skill level 1 in Polearms
 20064 | Lair:6   | Reached skill level 12 in Fighting
 20223 | Lair:6   | Found a viscous altar of Jiyva.
 20223 | Lair:6   | Found a staircase to the Slime Pits.
 20302 | Lair:6   | Reached skill level 5 in Throwing
 20321 | Lair:6   | Reached XP level 15. HP: 83/97 MP: 20/20
 20379 | Lair:6   | Reached skill level 15 in Axes
 21386 | Orc:1    | Entered Level 1 of the Orcish Mines
 21388 | Orc:1    | Noticed an orc warlord
 21714 | D:10     | Killed an orc warlord
 21714 | D:10     | Reached skill level 13 in Fighting
 22055 | Orc:1    | Found a dark tunnel.
 22075 | Volcano  | Entered a volcano
 22304 | Volcano  | Found a radiant altar of Vehumet.
 22760 | Orc:1    | Noticed an orc warlord
 22798 | Orc:1    | Killed an orc warlord
 23124 | Orc:1    | Noticed Otaetiog's ghost (journeyman MfIE)
 23127 | Orc:1    | Found a transporter.
 23128 | Orc:1    | Identified the +3 dire flail "Doirhuv" {drain, *Contam
                  | rElec Dex+6 Stlth+}
 23128 | Orc:1    | Identified the +8 dire flail "Yptihige" {crush, rF+ rC+}
 23266 | Orc:1    | Found a transporter.
 23291 | Orc:2    | Entered Level 2 of the Orcish Mines
 23301 | Orc:2    | Noticed an orc warlord
 23471 | Orc:1    | Killed an orc warlord
 23929 | Orc:2    | Found a staircase to the Elven Halls.
 23970 | Orc:2    | Noticed an orc warlord
 24287 | Orc:2    | Killed an orc warlord
 24641 | Orc:2    | Found a roughly hewn altar of Beogh.
 24653 | Orc:2    | Found Panad's Book Shoppe.
 24699 | Orc:2    | Bought a book of Battle for 560 gold pieces
 24702 | Orc:2    | Learned a level 2 spell: Song of Slaying
 24706 | Orc:2    | Learned a level 3 spell: Regeneration
 24798 | Orc:2    | Found Winifyet's Antique Weapon Shoppe.
 24828 | Orc:2    | Found Ickeacugyu's Antique Armour Shoppe.
 24882 | Orc:2    | Found Pocseoploxa's General Store.
 25147 | Spider:1 | Entered Level 1 of the Spider Nest
 25219 | Spider:1 | Noticed Jorgrun
 25473 | Lair:3   | Killed Jorgrun
 25473 | Lair:3   | Reached skill level 1 in Charms
 25473 | Lair:3   | Reached XP level 16. HP: 101/105 MP: 21/21
 25619 | Spider:1 | Reached skill level 14 in Fighting
 27801 | Spider:3 | Found a runed translucent gate.
 27801 | Spider:3 | Found a runed translucent gate.
 27801 | Spider:3 | Found a runed translucent gate.
 27803 | Spider:3 | Noticed Jathuu's ghost (journeyman FeCj)
 27804 | Spider:3 | Noticed Bolleh's ghost (journeyman GnSk)
 29049 | Spider:4 | Entered Level 4 of the Spider Nest
 31323 | Spider:4 | Reached XP level 17. HP: 106/112 MP: 24/24
 31907 | Spider:4 | Reached skill level 5 in Spellcasting
 32660 | Spider:4 | Got a gossamer rune of Zot
 33043 | D:13     | Reached skill level 15 in Fighting
 33209 | D:13     | Identified the ring "Gesiehaf" {MR+ Str+4}
 33294 | D:13     | Found a gate to the Vaults.
 33582 | D:13     | Found a runed translucent door.
 33583 | D:13     | Noticed a lich
 33587 | D:13     | Found a runed translucent door.
 33587 | D:13     | Noticed Iplucs's ghost (journeyman FeBe)
 34323 | D:14     | Identified the +4 chain mail of Lufakk Uxur {Int+9 Dex+4}
                  | (You found it on level 14 of the Dungeon)
 35006 | D:15     | Entered Level 15 of the Dungeon
 35136 | D:15     | Identified the +2 shield "Wiazxim" {Str+8 SInv Stlth-} (You
                  | found it on level 15 of the Dungeon)
 35652 | D:15     | Found a staircase to the Depths.
 35869 | Orc:1    | Killed Otaetiog's ghost
 36226 | Lair:1   | Killed Kuidesed's ghost
 36226 | Lair:1   | Reached XP level 18. HP: 119/119 MP: 25/25
 36401 | Vaults:1 | Entered Level 1 of the Vaults
 36536 | Vaults:1 | Reached skill level 5 in Shields
 36685 | D:11     | You paid a toll of +5 fire dragon scales to enter a
                  | treasure trove
 36686 | Trove    | Entered a treasure trove
 36691 | Trove    | Found the +0 Maxwell's etheric cage {RegenMP+ *Contam rElec
                  | MP+4}
 36697 | Trove    | Identified the +0 pair of boots of Depression {rPois rF+
                  | Stlth+} (You found it in a treasure trove)
 36715 | Trove    | Identified the +2 pair of gloves of Wrong Decisions {rElec
                  | Int+4} (You found it in a treasure trove)
 36735 | Trove    | Identified the cursed +0 shield of Beyond {Str+7 Int-4}
                  | (You found it in a treasure trove)
 36740 | Trove    | Identified the +3 buckler of Ufiot {MR++ Dex+4} (You found
                  | it in a treasure trove)
 36754 | Trove    | Identified the cursed +1 scale mail of Protective Custody
                  | {rF+ Slay+2} (You found it in a treasure trove)
 36758 | Trove    | Identified the +6 scale mail "Xoad Mim" {Int+4} (You found
                  | it in a treasure trove)
 36977 | Vaults:1 | Found Loxigey's Gadget Shoppe.
 37173 | Vaults:1 | Reached skill level 16 in Fighting
 38351 | Elf:1    | Entered Level 1 of the Elven Halls
 38384 | Elf:1    | Noticed Frances
 38419 | Elf:1    | Reached skill level 17 in Fighting
 38432 | Elf:1    | Reached skill level 15 in Armour
 38635 | Elf:1    | Identified the Volume of Necromancy
 38784 | Elf:1    | Killed Frances
 38784 | Elf:1    | Reached XP level 19. HP: 90/128 MP: 27/27
 39195 | Elf:1    | Noticed Agnes
 39210 | Elf:1    | Killed Agnes
 39670 | Elf:2    | Identified the Disquisition on Intoxication
 39773 | Elf:2    | Identified Teixtesi's Handbook of Stones
 39877 | Elf:2    | Found Onod's Book Shoppe.
 40036 | Elf:2    | Identified Sif Muna's Grimoire of the Blaze
 40152 | Elf:2    | Noticed a bone dragon
 40176 | Elf:2    | Killed a bone dragon
 40184 | Elf:2    | Reached skill level 18 in Fighting
 40223 | Elf:2    | Identified the Incunabulum of Stolen Souls
 40302 | Elf:2    | Found a runed translucent gate.
 40302 | Elf:2    | Found a runed translucent gate.
 40302 | Elf:2    | Found a runed translucent gate.
 40388 | Elf:2    | Identified Caepimm's Grimoire of Lightness
 40458 | Elf:3    | Entered Level 3 of the Elven Halls
 40641 | Elf:3    | Reached skill level 10 in Shields
 40746 | Elf:3    | Noticed a Tzitzimitl
 40764 | Elf:3    | Identified the +0 leather armour of Gluttony {Dex+3}
 40773 | Elf:3    | Noticed an Ice Fiend
 41133 | Elf:3    | Found a runed translucent gate.
 41133 | Elf:3    | Found a runed translucent gate.
 41134 | Elf:3    | Found a runed translucent gate.
 41134 | Elf:3    | Noticed a tentacled monstrosity
 41135 | Elf:3    | Noticed a tentacled monstrosity
 41201 | Elf:3    | Noticed a tentacled monstrosity
 41251 | Elf:3    | Noticed an Ice Fiend
 41349 | Elf:3    | Identified the +5 falchion "Beastslayer" {drain, rElec MR++
                  | Dex+6}
 41367 | Elf:3    | Identified the +1 leather armour of Suvveuku {*Corrode
                  | Regen+ Str+4 Slay+5}
 41406 | Elf:3    | Identified the +8 great sword "Suoseu" {freeze, Int+3}
 41429 | Elf:3    | Reached skill level 19 in Fighting
 41441 | Elf:3    | Identified the cursed +3 great sword of the Desert {venom,
                  | +Blink}
 41452 | Elf:3    | Reached XP level 20. HP: 128/139 MP: 29/29
 41804 | Elf:3    | Identified the Catalogue of Quantum Enhancements
 41820 | Elf:3    | Learned a level 1 spell: Apportation
 41843 | Elf:3    | Identified the Compendium of Assistive Flight
 42055 | Orc:2    | Bought twisted gold dragon scales for 2465 gold pieces
 42057 | Orc:2    | Identified the cursed +1 gold dragon scales of Upe Baap
                  | {rElec rPois rF+ rC+ rN+ MR+ Str+3} (You bought it in a
                  | shop on level 2 of the Orcish Mines)
 42511 | Vaults:2 | Identified a scroll of acquirement
 42694 | Vaults:2 | Reached skill level 20 in Fighting
 43086 | Vaults:2 | Found a staircase to the Crypt.
 43257 | Vaults:2 | Identified the +8 shortbow of Athroceow {venom, Dex+3}
 43441 | Crypt:1  | Entered Level 1 of the Crypt
 43456 | Crypt:1  | Noticed Mennas
 43482 | Crypt:1  | Killed Mennas
 44044 | Crypt:1  | You are sucked into a shaft and drop 1 floor!
 44081 | Crypt:2  | Reached XP level 21. HP: 133/147 MP: 30/30
 44620 | Crypt:2  | Reached skill level 5 in Charms
 45851 | Lair:4   | Killed Xyudeake's ghost
 45854 | Lair:4   | Killed Histricoq's ghost
 46212 | Crypt:3  | Entered Level 3 of the Crypt
 46254 | Crypt:3  | Reached skill level 21 in Fighting
 46384 | Crypt:3  | Noticed an ancient lich
 46391 | Crypt:3  | Noticed an ancient lich
 46397 | Crypt:3  | Killed an ancient lich
 46418 | Crypt:3  | Killed an ancient lich
 46467 | Crypt:3  | Identified the Tome of Hexes and Snow
 46619 | Crypt:3  | Found an ancient bone altar of Kikubaaqudgha.
 47204 | Crypt:3  | Found a staircase to the Tomb.
 48281 | Vaults:3 | Reached XP level 22. HP: 145/156 MP: 31/31
 48436 | Vaults:3 | Found a flickering gateway to a bazaar.
 48446 | Bazaar   | Entered a bazaar
 48446 | Bazaar   | Found Hieha's Distillery.
 48446 | Bazaar   | Found Tarusch's Book Emporium.
 48446 | Bazaar   | Found Obremis's Weapon Shoppe.
 48472 | Bazaar   | Bought a potion of cancellation for 112 gold pieces
 48472 | Bazaar   | Bought a potion of heal wounds for 70 gold pieces
 48472 | Bazaar   | Bought a potion of heal wounds for 70 gold pieces
 48482 | Bazaar   | Bought a book of Minor Magic for 140 gold pieces
 48485 | Bazaar   | Learned a level 2 spell: Blink
 48528 | Vaults:3 | Reached skill level 22 in Fighting
 48949 | Vaults:3 | Got a crude jade ring
 48952 | Vaults:3 | Identified the ring of Tuf Yree {Ice MR- Int+4 SInv Stlth+}
                  | (You acquired it on level 3 of the Vaults)
 49778 | Vaults:4 | Reached skill level 15 in Shields
 50535 | Vaults:4 | Reached skill level 23 in Fighting
 50669 | Vaults:5 | Entered Level 5 of the Vaults
 50684 | Vaults:4 | Reached XP level 23. HP: 150/164 MP: 32/32
 51179 | Orc:2    | Bought a scroll of immolation for 49 gold pieces
 51851 | Spider:3 | Killed Jathuu's ghost
 51885 | Spider:3 | Killed Bolleh's ghost
 52194 | Elf:3    | Found a runed translucent gate.
 52194 | Elf:3    | Found a runed translucent gate.
 52196 | Elf:3    | Noticed mortelune's ghost (adept DEFE)
 52199 | Elf:3    | Found a runed translucent gate.
 52302 | Orc:2    | Bought a potion of haste for 140 gold pieces
 52578 | Vaults:5 | Noticed Xtahua
 52592 | Vaults:5 | Killed Xtahua
 52610 | Vaults:5 | Reached skill level 24 in Fighting
 52610 | Vaults:5 | HP: 7/167 [vault warden/exploding inner flame[the player
                  | character] (8)]
 52610 | Vaults:5 | HP: 2/167 [vault warden/exploding inner flame[the player
                  | character] (5)]
 53167 | Vaults:5 | Noticed a golden dragon
 53176 | Vaults:5 | Killed a golden dragon
 53261 | Vaults:5 | Reached XP level 24. HP: 98/175 MP: 32/32
 53658 | Vaults:5 | Reached skill level 1 in Necromancy
 53850 | Vaults:5 | Found Veluxe's Magic Scroll Shop.
 53855 | Vaults:5 | Found Gafey's Magic Scroll Emporium.
 53862 | Vaults:5 | Bought a scroll of enchant weapon for 172 gold pieces
 53952 | Vaults:5 | Reached skill level 25 in Fighting
 53994 | Vaults:5 | Noticed a shard shrike
 53995 | Vaults:5 | Noticed a juggernaut
 53995 | Vaults:5 | a shard shrike changed into a juggernaut
 54001 | Vaults:5 | Noticed an ancient lich
 54003 | Vaults:5 | Killed a juggernaut
 54009 | Vaults:5 | Killed an ancient lich
 54009 | Vaults:5 | Reached skill level 10 in Invocations
 54266 | Vaults:5 | Found Gobogg's Antique Armour Shop.
 54266 | Vaults:5 | Found Nuaghylor's Magic Scroll Shoppe.
 54384 | Vaults:5 | Found Fiapt's Jewellery Boutique.
 54391 | Vaults:5 | Found Ziwkorod's Magic Scroll Emporium.
 54395 | Vaults:5 | Bought a scroll of enchant weapon for 127 gold pieces
 54563 | Vaults:5 | Found Bofiubo's Assorted Antiques.
 54567 | Vaults:5 | Bought a scroll of immolation for 147 gold pieces
 54567 | Vaults:5 | Bought a runed brass ring for 210 gold pieces
 54665 | Vaults:5 | Found Neischiu's Distillery.
 54665 | Vaults:5 | Found Jusuuxto's Distillery.
 54669 | Vaults:5 | Bought a potion of heal wounds for 60 gold pieces
 54669 | Vaults:5 | Bought 2 potions of cancellation for 192 gold pieces
 54675 | Vaults:5 | Found Kicrudurch's Food Shop.
 54676 | Vaults:5 | Bought a potion of heal wounds for 85 gold pieces
 54729 | Vaults:5 | Got a silver rune of Zot
 54734 | Vaults:5 | Found Emomam's Distillery.
 54738 | Vaults:5 | Found Ibloklai's Distillery.
 54739 | Vaults:5 | Bought a potion of heal wounds for 90 gold pieces
 54739 | Vaults:5 | Bought a potion of haste for 180 gold pieces
 54746 | Vaults:5 | Bought a potion of heal wounds for 70 gold pieces
 54746 | Vaults:5 | Bought a potion of haste for 140 gold pieces
 54765 | Vaults:5 | Found Quffofaf's Food Shoppe.
 54969 | Vaults:5 | Found Emuson's Food Shop.
 55071 | Vaults:5 | Bought a potion of might for 56 gold pieces
 55422 | Shoals:1 | Entered Level 1 of the Shoals
 55781 | Shoals:1 | Found Dosylith's Gadget Shoppe.
 56374 | Shoals:2 | Noticed Polyphemus
 56379 | Shoals:2 | Killed Polyphemus
 56548 | Shoals:2 | Found a runed translucent gate.
 56548 | Shoals:2 | Found a runed translucent gate.
 56548 | Shoals:2 | Found a runed translucent gate.
 56548 | Shoals:2 | Noticed Qatuad's ghost (adept GnFi)
 56549 | Shoals:2 | Noticed Lyfunof's ghost (adept DrFE)
 56967 | Shoals:2 | Killed Lyfunof's ghost
 56980 | Shoals:2 | Killed Qatuad's ghost
 57361 | Shoals:3 | Noticed Bai Suzhen
 57380 | Shoals:3 | Killed Bai Suzhen
 57380 | Shoals:3 | Reached skill level 26 in Fighting
 57972 | Shoals:4 | Entered Level 4 of the Shoals
 58057 | Shoals:4 | Reached XP level 25. HP: 181/184 MP: 32/32
 58342 | Shoals:4 | Identified Muvehoto's Handbook of Excruciating Snow
 58884 | Shoals:4 | Got a barnacled rune of Zot
 59393 | Depths:1 | Entered Level 1 of the Depths
 59457 | Depths:1 | Found a gateway to Hell.
 59559 | Depths:1 | Reached skill level 1 in Translocations
 59674 | Depths:1 | Found a shattered altar of Ashenzari.
 59724 | Depths:1 | Found Kioraf's Jewellery Boutique.
 59725 | Depths:1 | Found Dieris's Gadget Emporium.
 59726 | Depths:1 | Found Fupnun's Jewellery Boutique.
 60071 | Depths:2 | Noticed Nikola
 60086 | Depths:2 | Noticed Sojobo
 60091 | Depths:2 | Killed Nikola
 60107 | Depths:2 | Killed Sojobo
 60729 | Depths:2 | Found a gateway to a ziggurat.
 61063 | Depths:2 | Reached skill level 27 in Fighting
 61513 | Depths:2 | Learned a level 2 spell: Passwall
 61549 | Depths:2 | Identified the +5 chain mail "Aliwupamm" {rC+ rN+ Str+2}
                  | (You found it on level 2 of the Depths)
 61599 | Depths:3 | Reached skill level 1 in Earth Magic
 61614 | Depths:3 | Reached skill level 1 in Transmutations
 61731 | Depths:3 | Reached XP level 26. HP: 193/193 MP: 32/32
 61789 | Depths:3 | Found a sparkling altar of Nemelex Xobeh.
 61799 | Depths:3 | Found Cofiov's Changing Room.
 61901 | Depths:3 | Found a one-way gate leading to the halls of Pandemonium.
 61978 | Depths:3 | Noticed Aizul
 61994 | Depths:3 | Killed Aizul
 62650 | Depths:4 | Reached skill level 10 in Throwing
 62675 | Depths:4 | Reached skill level 5 in Earth Magic
 63270 | Depths:4 | Noticed Boris
 63282 | Depths:4 | Killed Boris
 63366 | Depths:4 | Found a one-way gate to the infinite horrors of the Abyss.
 63654 | Depths:5 | Entered Level 5 of the Depths
 63654 | Depths:5 | Noticed a juggernaut
 63673 | Depths:4 | Reached XP level 27. HP: 59/199 MP: 33/33
 64157 | Depths:5 | Killed a juggernaut
 64283 | Depths:5 | Reached skill level 15 in Invocations
 64543 | Depths:5 | Found Sason Xiudarch's Gadget Boutique.
 64548 | Depths:5 | Found Leulowk's Jewellery Shop.
 64557 | Depths:5 | Noticed a juggernaut
 64574 | Depths:5 | Killed a juggernaut
 64836 | Depths:5 | Found a gate to the Realm of Zot.
 65302 | Depths:5 | Learned a level 2 spell: Swiftness
 67576 | Zot:1    | Entered Level 1 of the Realm of Zot
 67591 | Zot:1    | Reached skill level 1 in Evocations
 68526 | Vaults:5 | Bought a scroll of enchant armour for 172 gold pieces
 69186 | Zot:1    | Reached skill level 5 in Evocations
 69261 | Zot:1    | Identified the +2 plate armour of New Discoveries {Regen+}
                  | (You found it on level 1 of the Realm of Zot)
 69270 | Zot:1    | Identified the ring of Coroll {rElec rPois Dex-4 SInv} (You
                  | found it on level 1 of the Realm of Zot)
 70408 | Zot:2    | Found a runed translucent door.
 70439 | Zot:2    | Noticed Suufyluo's ghost (legendary DrEE)
 71139 | Zot:3    | Reached skill level 15 in Throwing
 71264 | Zot:3    | Noticed an orb of fire
 71269 | Zot:3    | Gained mutation: Potions are less effective at restoring
                  | your health. [an orb of fire]
 71281 | Zot:3    | Killed an orb of fire
 71367 | Zot:3    | Noticed an orb of fire
 71374 | Zot:3    | Gained mutation: Your spells are a little easier to cast,
                  | but a little less powerful. [an orb of fire]
 71389 | Zot:3    | Gained mutation: Your body sometimes deteriorates upon
                  | taking damage. [an orb of fire]
 71392 | Zot:3    | Killed an orb of fire
 73239 | Depths:4 | Got a fine bronze amulet
 73242 | Depths:4 | Identified the amulet of the City {*Corrode +Rage rC+ rN++
                  | Dex+3} (You acquired it on level 4 of the Depths)
 73787 | Zot:5    | Entered Level 5 of the Realm of Zot
 73831 | Zot:5    | Found a transporter.
 73835 | Zot:5    | Noticed Blackmass's ghost (legendary DDFi)
 73864 | Zot:5    | Found a transporter.
 74024 | Zot:5    | Noticed an orb of fire
 74053 | Zot:5    | Noticed an orb of fire
 74053 | Zot:5    | Noticed an ancient lich
 74057 | Zot:5    | Killed an orb of fire
 74061 | Zot:5    | Noticed an orb of fire
 74065 | Zot:5    | Noticed an orb of fire
 74069 | Zot:5    | Killed an orb of fire
 74071 | Zot:5    | Killed an ancient lich
 74072 | Zot:5    | Killed an orb of fire
 74075 | Zot:5    | Noticed an ancient lich
 74076 | Zot:5    | Noticed an orb of fire
 74077 | Zot:5    | Gained mutation: Your magical capacity is low. (-10% MP)
                  | [an orb of fire]
 74090 | Zot:5    | Gained mutation: Armour fits poorly on your strangely
                  | shaped body. [an orb of fire]
 74091 | Zot:5    | Noticed an ancient lich
 74092 | Zot:5    | Killed an orb of fire
 74094 | Zot:5    | Noticed an ancient lich
 74099 | Zot:5    | Noticed an ancient lich
 74100 | Zot:5    | Killed an ancient lich
 74104 | Zot:5    | Killed an ancient lich
 74106 | Zot:5    | Killed an ancient lich
 74108 | Zot:5    | Killed an ancient lich
 74110 | Zot:5    | Lost mutation: You possess an exceptional clarity of mind.
                  | [potion of mutation]
 74110 | Zot:5    | Lost mutation: Your body sometimes deteriorates upon taking
                  | damage. [potion of mutation]
 74110 | Zot:5    | Lost mutation: Potions are less effective at restoring your
                  | health. [potion of mutation]
 74110 | Zot:5    | Gained mutation: You have sharp toenails. [potion of
                  | mutation]
 74110 | Zot:5    | Gained mutation: Your muscles are strong. (Str +2) [potion
                  | of mutation]
 74111 | Zot:5    | Lost mutation: Armour fits poorly on your strangely shaped
                  | body. [potion of mutation]
 74111 | Zot:5    | Lost mutation: Your magical capacity is low. (-10% MP)
                  | [potion of mutation]
 74111 | Zot:5    | Lost mutation: Your muscles are strong. (Str +2) [potion of
                  | mutation]
 74111 | Zot:5    | Lost mutation: Scrolls take you a little longer to read.
                  | [potion of mutation]
 74111 | Zot:5    | Lost mutation: Your spells are a little easier to cast, but
                  | a little less powerful. [potion of mutation]
 74111 | Zot:5    | Gained mutation: You are agile. (Dex +2) [potion of
                  | mutation]
 74111 | Zot:5    | Gained mutation: You passively map a small area around you.
                  | [potion of mutation]
 74120 | Zot:5    | Noticed an ancient lich
 74124 | Zot:5    | Killed an ancient lich
 74220 | Zot:5    | Noticed an ancient lich
 74230 | Zot:5    | Killed from afar by an ancient lich

Levels and vault maps discovered:
D:1:      evilmike_arrival_hilbert_curve, layout_rooms, serial_forest,
          infiniplex_forest_clump_C, infiniplex_forest_clump_small,
          infiniplex_forest_clump_diagonal, infiniplex_forest_clump_tiny,
          infiniplex_forest_clump_long, infiniplex_forest_clump_long,
          infiniplex_forest_end_2
D:2:      layout_loops_corners, elyvilon_altar_1, minmay_small_reverse_x
D:3:      layout_loops_corners, cheibrodos_sewer_entry_drain, uniq_grinder
D:4:      layout_loops_cross, minmay_quantized, uniq_robin
D:5:      layout_layer_cave, overflow_temple_1_default, serial_shops, shop,
          first_ration, uniq_eustachio
D:6:      layout_loops_ring, okawaru_altar_gauntlet_db,
          minmay_temple_entry_mini_moons, minmay_misc_feat_secret_circle,
          nicolae_qazlal_style_of_elements
D:7:      layout_cave_pools, chequers_temple_overflow_minitemple,
          gammafunk_ghost_necromancy, st_stairs_1, uniq_pikel
D:8:      layout_cave_pools, basic_altar, serial_shops, kennysheep_mini_moat
D:9:      layout_cross, minmay_lair_entry_grove, basic_altar,
          gammafunk_ghost_stat_death, minivault_23, the_bakery
D:10:     layout_long_grid, david_orc_3, kennysheep_generic_room_7,
          uniq_gastronok
D:11:     layout_loops_ring, serial_shops, shop_fountains, basic_altar,
          nicolae_trove_entry_columns, minmay_misc_feat_pillars
D:12:     layout_basic
D:13:     layout_stronghold, erik_vaults_1, muffindrake_ghost_dual_entry,
          kb_tengu_band
D:14:     layout_basic
D:15:     hangedman_depths_entry_try_elsewhere_first, layout_basic,
          chequers_serial_rivers_room_b
Temple:   eino_temple_scatter_basement
Lair:1:   layout_hall_layers, ebering_ghost_inner_flame, st_stairs_8,
          grunt_megastairs_4
Lair:2:   layout_gridlike, chequers_serial_rivers_micro_b,
          minmay_lair_oklob_items, beast_lair_carwin_8
Lair:3:   layout_regular_city, shoals_dummy_entry, dummy_spider_entry,
          serial_bayou_shore_b, serial_bayou_shore_b, grunt_megastairs_3,
          minmay_lair_oklob_chamber
Lair:4:   layout_long_grid, gammafunk_ghost_cemetery,
          grunt_forest_large_clearings
Lair:5:   layout_loops_ring, gauntlet_entry_generic, forest_entry_grove,
          lemuel_fruit_fields
Lair:6:   minmay_lair_end_frog_pond, layout_regular_city,
          dpeg_slime_entry_enclosed_altar, kennysheep_rathole
Shoals:1: layout_shoals, serial_shops, shop
Shoals:2: layout_shoals, gammafunk_ghost_cemetery, nicolae_shoals_so_close,
          uniq_polyphemus
Shoals:3: layout_shoals, nicolae_shoals_kraken_intersection, uniq_bai_suzhen
Shoals:4: shoals_end_hangedman, layout_shoals
Spider:1: layout_spider_delve, uniq_jorgrun
Spider:2: layout_spider_delve, hangedman_stitches_earthworm
Spider:3: layout_spider_delve, gammafunk_ghost_cemetery
Spider:4: spider_rune_water
Orc:1:    layout_caves, gammafunk_ghost_smash, lightli_volcano_entry_magma_tube
Orc:2:    grunt_orc_cross, layout_diamond_mine
Elf:1:    minmay_elf_arrival_summoners, layout_gridlike, minmay_elf_necromancy,
          uniq_frances, uniq_agnes
Elf:2:    layout_onion_city, serial_hangedman_research,
          hangedman_research_thanatology, hangedman_research_geology,
          hangedman_research_electronics, hangedman_research_toxicology,
          hangedman_research_pyrotechnics, serial_shops, nicolae_shop_crystal
Elf:3:    grunt_elf_hall_asides, layout_geoelf_diagonals,
          ploomutoo_gammafunk_ghost_potion_laboratory
Vaults:1: nicolae_vaults_disjoint_gnomons, hangedman_vaults_stream, v_misc_22,
          ontoclasm_vaults_shout, grunt_vaults_hallway_long,
          vaults_mumra_chevron, v_pattern_3, vaults_standard_mumra_lines,
          ontoclasm_vaults_bender, nicolae_vaults_windows_and_doors_thing,
          ontoclasm_vaults_eye, vaults_room_pool, layout_vaults_ring,
          serial_shops, shop
Vaults:2: nicolae_vaults_ring_of_whatevers, vaults_mumra_hex,
          nicolae_vaults_hallways_thing, v_misc_30,
          nicolae_vaults_specimen_jars, minmay_crypt_entry_simple_plaza,
          nicolae_vaults_rhombus_6, nicolae_vaults_border_crossing,
          vaults_room_corners, layout_vaults_big_room
Vaults:3: ontoclasm_vaults_chip, st_lattice, nicolae_vaults_little_squares_2,
          nicolae_vaults_little_squares_1, vaults_room_corners,
          layout_vaults_omnigrid, serial_shops, bzr_firewalk
Vaults:4: ontoclasm_vaults_tryst, ontoclasm_vaults_chip, v_misc_29,
          vaults_room_semicircle, vaults_dpeg_doors,
          hangedman_vaults_corner_blocks, ontoclasm_vaults_ring_large,
          vaults_room_fancy_cross, v_misc_28, nicolae_vaults_diagonal_hallway_8,
          layout_vaults_maze
Vaults:5: serial_shops, uniq_xtahua
Crypt:1:  layout_gridlike, uniq_mennas
Crypt:2:  layout_catacombs, lemuel_statue_altar, grunt_megastairs_2
Crypt:3:  evilmike_haunted_forest
Depths:1: layout_gridlike, pf_hell_entry_tar_river, minmay_strange_pillars,
          drop_trap, minmay_misc_feat_alley, kennysheep_nub,
          nicolae_ashenzari_panopticon, minmay_shop_grove
Depths:2: hangedman_cross_veins, layout_basic, enter_ziggurat_f,
          serial_sigils_hangedman_gut, hangedman_coc_ice_floe,
          kilobyte_mutagenic_chamber, uniq_sojobo, uniq_nikola
Depths:3: evilmike_diamond_2, layout_gridville, grunt_pan_entry_spiral,
          nemelex_xobeh_ov_fountains_minmay, grunt_metal_band,
          nicolae_transmutations_shop, firewood_loft, uniq_aizul
Depths:4: hangedman_crystal_crosses_colossus [crystal_crosses_arms_two,
          crystal_crosses_arms_two, crystal_crosses_arms_one,
          crystal_crosses_arms_one], hell_entry, abyss_entry, uniq_boris
Depths:5: grunt_zot_entry_gee_three, layout_cave_shapes, hell_entry,
          chequers_serial_rivers_room_b, minmay_shoptagon
Zot:1:    layout_misc_corridors, st_large_dragon_hoard_2
Zot:2:    layout_gridlike, gammafunk_ghost_grave, hangedman_hellfire_club
Zot:3:    lemuel_firehouse, layout_cathedral_of_symmetry
Zot:4:    minmay_elemental_castle, layout_cathedral_of_symmetry
Zot:5:    layout_cathedral_of_symmetry, gammafunk_ghost_berserking_beasts,
          nrook_zot_tub

Skill      XL: |  1  2  3  4  5  6  7  8  9 10 11 12 13 14 15 16 17 18 19 20 21 22 23 24 25 26 27 |
---------------+----------------------------------------------------------------------------------+-----
Armour         | 1 2 3 4 5 6 7 9 10 11 12 13 14 15 16 17 18 19 20 22 23 | 23.0
Air Magic      | 1 2 3 |  3.5
Fighting       | 1 3 4 6 7 9 10 12 13 14 15 17 19 20 21 23 24 26 27 | 27.0
Poison Magic   | 4 |  4.6
Spellcasting   | 3 4 5 6 |  6.0
Axes           | 3 4 7 9 11 12 13 14 16 17 23 | 23.2
Conjurations   | 2 |  2.0
Throwing       | 1 2 3 5 6 7 8 9 10 16 | 16.0
Shields        | 2 3 4 8 10 12 14 15 | 15.0
Invocations    | 2 4 5 6 7 8 9 10 12 14 16 | 16.8
Polearms       | 1 |  1.1
Charms         | 1 3 4 6 |  6.1
Necromancy     | 3 4 |  4.0
Translocations | 3 |  3.1
Earth Magic    | 2 5 |  5.0
Transmutations | 1 4 |  4.0
Evocations     | 8 |  8.0
Dodging        | |  1.5
Stealth        | |  2.1

Action                   |  1- 3 |  4- 6 |  7- 9 | 10-12 | 13-15 | 16-18 | 19-21 | 22-24 | 25-27 || total
-------------------------+-------+-------+-------+-------+-------+-------+-------+-------+-------++-------
Melee: Dagger            |   230 |   273 |       |    18 |       |       |       |       |       ||   521
       Hand axe          |       |    32 |   391 |   836 |  1205 |       |       |       |       ||  2464
       Spear             |       |       |       |       |    78 |       |       |       |       ||    78
       Broad axe         |       |       |       |       |   289 |  1579 |  1495 |  1060 |  1884 ||  6307
Throw: Dart              |     3 |    19 |    22 |    39 |     2 |   110 |       |     6 |       ||   201
       Boomerang         |       |       |       |     3 |     6 |       |     4 |     8 |       ||    21
       Javelin           |       |       |       |       |       |       |       |       |   111 ||   111
 Cast: Sting             |     5 |     2 |       |       |       |       |       |       |       ||     7
       Poisonous Vapours |     7 |    34 |    35 |       |     4 |       |       |       |       ||    80
       Song of Slaying   |       |       |       |       |       |    12 |    66 |    51 |    91 ||   220
       Regeneration      |       |       |       |       |       |       |       |     2 |    35 ||    37
Invok: Elemental Force   |       |       |       |       |     2 |       |     2 |     1 |       ||     5
       Disaster Area     |       |       |       |       |       |       |       |       |     3 ||     3
 Abil: Fly               |       |       |       |       |       |     1 |       |       |     1 ||     2
       Stop Flying       |       |       |       |       |       |       |       |       |     1 ||     1
Evoke: Wand              |       |       |       |     1 |       |       |     1 |       |     1 ||     3
       Box of beasts     |       |       |       |       |       |       |       |       |     1 ||     1
  Use: Scroll            |       |    15 |     5 |    10 |    11 |    21 |    15 |    11 |    14 ||   102
       Potion            |       |     1 |       |     3 |     1 |     4 |       |     6 |    12 ||    27
 Stab: Sleeping          |     2 |       |     1 |       |       |       |       |       |       ||     3
       Distracted        |       |       |       |       |     2 |       |       |       |     3 ||     5
       Confused          |       |       |       |       |       |       |     3 |       |       ||     3
       Invisible         |       |       |       |       |       |       |       |     4 |       ||     4
  Eat: Chunk             |     4 |    13 |    16 |    23 |    31 |    28 |    16 |    22 |    24 ||   177
       Ration            |       |       |       |       |     2 |     5 |     6 |     3 |    10 ||    26
Armor: Ring mail         |   156 |   209 |    58 |       |    28 |       |       |       |       ||   451
       Plate armour      |       |       |   290 |   608 |   838 |  1339 |   194 |       |       ||  3269
       Gold dragon scale |       |       |       |       |       |       |   259 |   404 |   882 ||  1545
Dodge: Dodged            |   192 |   198 |   119 |   143 |   248 |   347 |   123 |   116 |   275 ||  1761
       Deflected         |       |       |       |     6 |     8 |    19 |    12 |    19 |    34 ||    98
Block: Buckler           |       |       |    54 |   410 |   921 |   908 |       |       |       ||  2293
       Shield            |       |       |       |       |       |   426 |  1141 |  1006 |  1953 ||  4526
       Reflection        |       |       |       |       |       |       |     8 |   108 |    81 ||   197
